| TOP OF THE 1ST |
|
Minnesota Twins batting - Pitching for Cleveland Spiders : RHP Richard Waller
|
|
Pitching: RHP Richard Waller
|
|
|
Batting: RHB Lee Lacy
|
0-0: Ground out 4-3 (Groundball, 4M, EV 96.9 MPH)
|
|
Batting: RHB Steve Brye
|
0-0: Called Strike 0-1: Called Strike 0-2: Ball 1-2: Foul Ball, location: 2F 1-2: Foul Ball, location: 2F 1-2: Ground out U3 (Groundball, 3, EV 93.8 MPH)
|
|
Batting: RHB Matt Cooper
|
0-0: Called Strike 0-1: Ball 1-1: Ball 2-1: Foul Ball, location: 2F 2-2: Fly out, F1 (Line Drive, P, EV 71.3 MPH)
|
| Top of the 1st over - 0 runs, 0 hits, 0 errors, 0 left on base; Minnesota 0 - Cleveland 0 |
| BOTTOM OF THE 1ST |
|
Cleveland Spiders batting - Pitching for Minnesota Twins : RHP Chris Codiroli
|
|
Pitching: RHP Chris Codiroli
|
|
|
Batting: SHB Bump Wills
|
0-0: Called Strike 0-1: Called Strike 0-2: Ground out 4-3 (Groundball, 34D, EV 103.8 MPH)
|
|
Batting: RHB Tom Brunansky
|
0-0: Ball 1-0: Called Strike 1-1: Swinging Strike 1-2: Ball 2-2: Foul Ball, location: 2F 2-2: SINGLE (Line Drive, 7S, EV 94.4 MPH)
|
|
Batting: RHB Clayton Elliott
|
0-0: Ball 1-0: Ball Tom Brunansky steals 2nd base (no throw) 2-0: SINGLE (Groundball, 25, EV 73.1 MPH) (infield hit) Tom Brunansky to third
|
|
Batting: SHB Salvador Perez
|
0-0: Ball 1-0: Foul Ball, location: 2F 1-1: Foul Ball, location: 2F 1-2: Strikes out swinging
|
|
Batting: RHB Alan Trammell
|
0-0: Ball 1-0: Ground out 6-3 (Groundball, 56D, EV 86.3 MPH)
|
| Bottom of the 1st over - 0 runs, 2 hits, 0 errors, 2 left on base; Minnesota 0 - Cleveland 0 |
| TOP OF THE 2ND |
|
Minnesota Twins batting - Pitching for Cleveland Spiders : RHP Richard Waller
|
|
Batting: RHB Randy Edwards
|
0-0: Ball 1-0: Ground out 4-3 (Groundball, 4, EV 86.3 MPH)
|
|
Batting: RHB Larry Hisle
|
0-0: Ball 1-0: Swinging Strike 1-1: Swinging Strike 1-2: Foul Ball, location: 2F 1-2: Ball 2-2: Strikes out swinging
|
|
Batting: RHB Chet Lemon
|
0-0: Fly out, F3 (Popup, 23F, EV 86.9 MPH)
|
| Top of the 2nd over - 0 runs, 0 hits, 0 errors, 0 left on base; Minnesota 0 - Cleveland 0 |
| BOTTOM OF THE 2ND |
|
Cleveland Spiders batting - Pitching for Minnesota Twins : RHP Chris Codiroli
|
|
Batting: RHB Randy Elliott
|
0-0: Ball 1-0: Ball 2-0: Swinging Strike 2-1: Fly out, F4 (Popup, 23, EV 89.4 MPH)
|
|
Batting: RHB Gene Tenace
|
0-0: Foul Ball, location: 2F 0-1: Ball 1-1: Swinging Strike 1-2: Ball 2-2: Ball 3-2: Foul Ball, location: 2F 3-2: Ground out 4-3 (Groundball, 4MD, EV 96.3 MPH)
|
|
Batting: RHB Henry Torres
|
0-0: Ball 1-0: Ball 2-0: Ball 3-0: Base on Balls
|
|
Batting: RHB Jesse Barfield
|
0-0: Ball 1-0: Foul Ball, location: 2F 1-1: Fly out, F4 (Flyball, 4MD, EV 91.9 MPH)
|
| Bottom of the 2nd over - 0 runs, 0 hits, 0 errors, 1 left on base; Minnesota 0 - Cleveland 0 |
| TOP OF THE 3RD |
|
Minnesota Twins batting - Pitching for Cleveland Spiders : RHP Richard Waller
|
|
Batting: RHB Brook Jacoby
|
0-0: Reached on error, E5 (Groundball, 5S, EV 83.1 MPH)
|
|
Batting: SHB Jerry Mumphrey
|
0-0: Called Strike 0-1: Ball 1-1: Ball 2-1: Foul Ball, location: 2F 2-2: Ball 3-2: Ground out 1-3 (Groundball, 34S, EV 60.6 MPH) Brook Jacoby to third
|
|
Batting: LHB Ken Oberkfell
|
0-0: Ground out 5-3 (Groundball, 56, EV 100.6 MPH) Brook Jacoby scores
|
|
Batting: RHB Lee Lacy
|
0-0: Ball 1-0: Ball 2-0: Ball 3-0: Called Strike 3-1: Base on Balls
|
|
Batting: RHB Steve Brye
|
0-0: SINGLE (Line Drive, 8LS, EV 93.8 MPH) Lee Lacy to second Runner from 2nd tries for 3rd, SAFE, no throw by CF
|
|
Batting: RHB Matt Cooper
|
0-0: Ground out 6-3 (Groundball, 6M, EV 100.6 MPH)
|
| Top of the 3rd over - 1 run, 1 hit, 1 error, 2 left on base; Minnesota 1 - Cleveland 0 |
| BOTTOM OF THE 3RD |
|
Cleveland Spiders batting - Pitching for Minnesota Twins : RHP Chris Codiroli
|
|
Batting: SHB Bump Wills
|
0-0: Ball 1-0: Fly out, F8 (Line Drive, 8RD, EV 98.1 MPH)
|
|
Batting: RHB Tom Brunansky
|
0-0: Ball 1-0: Foul Ball, location: 2F 1-1: Foul Ball, location: 2F 1-2: Ground out 5-3 (Groundball, 5, EV 88.8 MPH)
|
|
Batting: RHB Clayton Elliott
|
0-0: Fly out, F8 (Flyball, 8RXD, EV 82.5 MPH)
|
| Bottom of the 3rd over - 0 runs, 0 hits, 0 errors, 0 left on base; Minnesota 1 - Cleveland 0 |
| TOP OF THE 4TH |
|
Minnesota Twins batting - Pitching for Cleveland Spiders : RHP Richard Waller
|
|
Batting: RHB Randy Edwards
|
0-0: Ball 1-0: Called Strike 1-1: Fly out, F6 (Popup, P, EV 86.3 MPH)
|
|
Batting: RHB Larry Hisle
|
0-0: Called Strike 0-1: Foul Ball, location: 2F 0-2: Strikes out swinging
|
|
Batting: RHB Chet Lemon
|
0-0: Foul Ball, location: 2F 0-1: Called Strike 0-2: Strikes out swinging
|
| Top of the 4th over - 0 runs, 0 hits, 0 errors, 0 left on base; Minnesota 1 - Cleveland 0 |
| BOTTOM OF THE 4TH |
|
Cleveland Spiders batting - Pitching for Minnesota Twins : RHP Chris Codiroli
|
|
Batting: SHB Salvador Perez
|
0-0: Ball 1-0: SOLO HOME RUN (Flyball, 9D, EV 110.0 MPH), Distance : 387 ft
|
|
Batting: RHB Alan Trammell
|
0-0: SINGLE (Line Drive, 4MD, EV 95.6 MPH)
|
|
Batting: RHB Randy Elliott
|
0-0: Ball 1-0: Ball 2-0: Ball 3-0: Called Strike 3-1: Sac Bunt to 5S - play at second, runner OUT! 5-6
|
|
Batting: RHB Gene Tenace
|
0-0: Foul Ball, location: 2F 0-1: Ball 1-1: Swinging Strike 1-2: Strikes out swinging
|
|
Batting: RHB Henry Torres
|
0-0: Swinging Strike 0-1: Ball 1-1: Ball 2-1: Ball 3-1: Base on Balls Randy Elliott to second
|
|
Batting: RHB Jesse Barfield
|
0-0: Ball 1-0: Called Strike 1-1: Ball 2-1: SINGLE (Groundball, 5S, EV 66.9 MPH) (infield hit) Randy Elliott to third Henry Torres to second
|
|
Batting: SHB Bump Wills
|
0-0: Fly out, F8 (Line Drive, 8RM, EV 85.6 MPH)
|
| Bottom of the 4th over - 1 run, 3 hits, 0 errors, 3 left on base; Minnesota 1 - Cleveland 1 |
| TOP OF THE 5TH |
|
Minnesota Twins batting - Pitching for Cleveland Spiders : RHP Richard Waller
|
|
Batting: RHB Brook Jacoby
|
0-0: Ground out U3 (Groundball, 34, EV 98.8 MPH)
|
|
Batting: SHB Jerry Mumphrey
|
0-0: Foul Ball, location: 2F 0-1: Ball 1-1: SINGLE (Line Drive, 78S, EV 95.0 MPH)
|
|
Batting: LHB Ken Oberkfell
|
0-0: Ball 1-0: Ball 2-0: Fly out, F8 (Flyball, 78D, EV 100.0 MPH)
|
|
Batting: RHB Lee Lacy
|
0-0: Ball 1-0: Foul Ball, location: 2F 1-1: Ball 2-1: Fly out, F9 (Line Drive, 9, EV 90.0 MPH)
|
| Top of the 5th over - 0 runs, 1 hit, 0 errors, 1 left on base; Minnesota 1 - Cleveland 1 |
| BOTTOM OF THE 5TH |
|
Cleveland Spiders batting - Pitching for Minnesota Twins : RHP Chris Codiroli
|
|
Batting: RHB Tom Brunansky
|
0-0: Ball 1-0: Called Strike 1-1: Foul Ball, location: 2F 1-2: Ball 2-2: Foul Ball, location: 2F 2-2: SINGLE (Line Drive, 6D, EV 103.1 MPH)
|
|
Batting: RHB Clayton Elliott
|
0-0: Ball 1-0: Foul Ball, location: 2F 1-1: Called Strike 1-2: Ball Tom Brunansky steals 2nd base 2-2: Ball 3-2: Base on Balls
|
|
Batting: SHB Salvador Perez
|
0-0: SINGLE (Line Drive, 7S, EV 98.1 MPH) Tom Brunansky to third Clayton Elliott to second Runner from 3rd tries for Home, SAFE, throw by LF to home
|
|
Batting: RHB Alan Trammell
|
0-0: Ball 1-0: SINGLE (Groundball, 34S, EV 67.5 MPH) (infield hit) Clayton Elliott to third Salvador Perez to second
|
|
Batting: RHB Randy Elliott
|
0-0: SINGLE (Flyball, 34D, EV 91.9 MPH) Clayton Elliott scores Salvador Perez to third Alan Trammell to second Runner from 3rd tries for Home, SAFE, throw by RF to home Alan Trammell to third Randy Elliott to second
|
|
Batting: RHB Gene Tenace
|
0-0: Ball 1-0: Swinging Strike 1-1: Foul Ball, location: 2F 1-2: Fly out, F3 (Popup, 34S, EV 70.6 MPH)
|
|
Batting: RHB Henry Torres
|
0-0: Swinging Strike 0-1: Foul Ball, location: 2F 0-2: Ball 1-2: Foul Ball, location: 2F 1-2: Ball 2-2: Fly out, F7 (Flyball, 7LS, EV 94.4 MPH)
|
|
Batting: RHB Jesse Barfield
|
0-0: Called Strike 0-1: Ball 1-1: Ball 2-1: Swinging Strike 2-2: Foul Ball, location: 2F 2-2: Foul Ball, location: 2F 2-2: DOUBLE (Flyball, 8RXD, EV 103.1 MPH) Alan Trammell scores Randy Elliott scores
|
|
Pitching: RHP Mark Fidrych
|
|
|
Batting: SHB Bump Wills
|
0-0: Swinging Strike 0-1: TRIPLE (Line Drive, 89XD, EV 101.3 MPH) Jesse Barfield scores
|
|
Batting: RHB Tom Brunansky
|
0-0: Ball 1-0: Ball 2-0: Foul Ball, location: 2F 2-1: Called Strike 2-2: Ground out 5-3 (Groundball, 56, EV 85.6 MPH)
|
| Bottom of the 5th over - 6 runs, 6 hits, 0 errors, 1 left on base; Minnesota 1 - Cleveland 7 |
| TOP OF THE 6TH |
|
Minnesota Twins batting - Pitching for Cleveland Spiders : RHP Richard Waller
|
|
Batting: RHB Steve Brye
|
0-0: Called Strike 0-1: Foul Ball, location: 2F 0-2: Foul Ball, location: 2F 0-2: Foul Ball, location: 2F 0-2: Ball 1-2: Ball 2-2: SINGLE (Line Drive, 9S, EV 91.9 MPH)
|
|
Batting: RHB Matt Cooper
|
0-0: Foul Ball, location: 2F 0-1: Ball Wild Pitch! Steve Brye to second 1-1: SINGLE (Groundball, 56D, EV 105.0 MPH) Steve Brye to third Runner from 3rd tries for Home, SAFE, throw by LF to home
|
|
Batting: RHB Randy Edwards
|
0-0: Ball 1-0: SINGLE (Line Drive, 9S, EV 89.4 MPH) Matt Cooper to second Runner from 2nd tries for 3rd, SAFE, throw by RF made to third
|
|
Batting: RHB Larry Hisle
|
0-0: Called Strike 0-1: Foul Ball, location: 2F 0-2: Ball 1-2: Strikes out swinging
|
|
Batting: RHB Chet Lemon
|
0-0: Fly out, F8 (Flyball, 8RD, EV 95.0 MPH) Runner from 3rd tags up, SCORES, throw by CF
|
|
Batting: RHB Brook Jacoby
|
0-0: Fly out, F9 (Flyball, 9, EV 94.4 MPH)
|
| Top of the 6th over - 2 runs, 3 hits, 0 errors, 1 left on base; Minnesota 3 - Cleveland 7 |
| BOTTOM OF THE 6TH |
|
Cleveland Spiders batting - Pitching for Minnesota Twins : RHP Mark Fidrych
|
|
Batting: RHB Clayton Elliott
|
0-0: Foul Ball, location: 2F 0-1: Ground out 4-3 (Groundball, 34, EV 92.5 MPH)
|
|
Batting: SHB Salvador Perez
|
0-0: Ball 1-0: Called Strike 1-1: Foul Ball, location: 2F 1-2: Ball 2-2: Foul Ball, location: 2F 2-2: Ground out 6-3 (Groundball, 6, EV 86.3 MPH)
|
|
Batting: RHB Alan Trammell
|
0-0: Ground out U3 (Groundball, 34, EV 84.4 MPH)
|
| Bottom of the 6th over - 0 runs, 0 hits, 0 errors, 0 left on base; Minnesota 3 - Cleveland 7 |
| TOP OF THE 7TH |
|
Minnesota Twins batting - Pitching for Cleveland Spiders : RHP Richard Waller
|
|
Batting: SHB Jerry Mumphrey
|
0-0: Swinging Strike 0-1: Ball 1-1: Ball 2-1: Ball 3-1: Base on Balls
|
|
Batting: LHB Ken Oberkfell
|
0-0: Grounds into double play, 5-4-3 (Groundball, 56S, EV 79.4 MPH)
|
|
Batting: RHB Lee Lacy
|
0-0: Foul Ball, location: 2F 0-1: Called Strike 0-2: Ground out 6-3 (Groundball, 56, EV 103.8 MPH)
|
| Top of the 7th over - 0 runs, 0 hits, 0 errors, 0 left on base; Minnesota 3 - Cleveland 7 |
| BOTTOM OF THE 7TH |
|
Cleveland Spiders batting - Pitching for Minnesota Twins : RHP Mark Fidrych
|
|
Batting: RHB Randy Elliott
|
0-0: Ball 1-0: Called Strike 1-1: Foul Ball, location: 2F 1-2: Strikes out swinging
|
|
Batting: RHB Gene Tenace
|
0-0: Ball 1-0: Foul Ball, location: 2F 1-1: Foul Ball, location: 2F 1-2: Fly out, F3 (Popup, 23F, EV 88.1 MPH)
|
|
Batting: RHB Henry Torres
|
0-0: Called Strike 0-1: Called Strike 0-2: Ball 1-2: Ball 2-2: Fly out, F8 (Flyball, 8RM, EV 84.4 MPH)
|
| Bottom of the 7th over - 0 runs, 0 hits, 0 errors, 0 left on base; Minnesota 3 - Cleveland 7 |
| TOP OF THE 8TH |
|
Minnesota Twins batting - Pitching for Cleveland Spiders : RHP Richard Waller
|
|
Batting: RHB Steve Brye
|
0-0: Ball 1-0: Ball 2-0: Ball 3-0: Base on Balls
|
|
Batting: RHB Matt Cooper
|
0-0: Ball 1-0: Ball 2-0: Foul Ball, location: 2F 2-1: Ball 3-1: Base on Balls Steve Brye to second
|
|
Batting: RHB Randy Edwards
|
0-0: Called Strike 0-1: Foul Ball, location: 2F 0-2: Ball 1-2: 3-RUN HOME RUN (Flyball, 7D, EV 105.6 MPH), Distance : 392 ft
|
|
Pitching: RHP Joe Beckwith
|
|
|
Batting: RHB Larry Hisle
|
0-0: Ball 1-0: Ball 2-0: Called Strike 2-1: Swinging Strike 2-2: Ball 3-2: Foul Ball, location: 2F 3-2: Ground out 6-3 (Groundball, 56S, EV 85.0 MPH)
|
|
Batting: RHB Chet Lemon
|
0-0: Foul Ball, location: 2F 0-1: Ground out 1-3 (Groundball, 13S, EV 71.9 MPH)
|
|
Batting: RHB Brook Jacoby
|
0-0: Called Strike 0-1: Ball 1-1: Ball 2-1: Foul Ball, location: 2F 2-2: Strikes out looking
|
| Top of the 8th over - 3 runs, 1 hit, 0 errors, 0 left on base; Minnesota 6 - Cleveland 7 |
| BOTTOM OF THE 8TH |
|
Cleveland Spiders batting - Pitching for Minnesota Twins : RHP Mark Fidrych
|
|
Pitching: RHP Fred Breining
|
|
|
Batting: RHB Jesse Barfield
|
0-0: Called Strike 0-1: Foul Ball, location: 2F 0-2: SINGLE (Line Drive, 4MD, EV 96.9 MPH)
|
|
Batting: SHB Bump Wills
|
0-0: Called Strike 0-1: Fielders Choice at 2nd, 4-6 (Groundball, 4S, EV 85.0 MPH)
|
|
Batting: RHB Tom Brunansky
|
0-0: Ball 1-0: SINGLE (Line Drive, 7S, EV 92.5 MPH) Bump Wills to second
|
|
Batting: RHB Clayton Elliott
|
0-0: Ball Bump Wills steals 3rd base Tom Brunansky to second 1-0: Called Strike 1-1: Foul Ball, location: 2F 1-2: Foul Ball, location: 2F 1-2: Ball Wild Pitch! Bump Wills scores Tom Brunansky to third 2-2: Ball 3-2: Foul Ball, location: 2F 3-2: Foul Ball, location: 2F 3-2: Fly out, F9 (Flyball, 9LD, EV 85.0 MPH) Runner from 3rd tags up, SCORES, throw by RF
|
|
Batting: SHB Salvador Perez
|
0-0: Foul Ball, location: 2F 0-1: Called Strike 0-2: Strikes out looking
|
| Bottom of the 8th over - 2 runs, 2 hits, 0 errors, 0 left on base; Minnesota 6 - Cleveland 9 |
| TOP OF THE 9TH |
|
Minnesota Twins batting - Pitching for Cleveland Spiders : RHP Joe Beckwith
|
|
Batting: SHB Jerry Mumphrey
|
0-0: Ball 1-0: Ground out 1-3 (Groundball, 34S, EV 65.6 MPH)
|
|
Batting: LHB Ken Oberkfell
|
0-0: Ball 1-0: Ball 2-0: Called Strike 2-1: Ground out 4-3 (Groundball, 4, EV 97.5 MPH)
|
|
Batting: RHB Lee Lacy
|
0-0: Ball 1-0: Swinging Strike 1-1: Ground out 6-3 (Groundball, 6S, EV 63.8 MPH)
|
| Top of the 9th over - 0 runs, 0 hits, 0 errors, 0 left on base; Minnesota 6 - Cleveland 9 |
|